 Dungeon Crawl Stone Soup version 0.29-a0-824-gd827844252 (webtiles) character file.

Game seed: 389613538518897837

4 buhh the Insei (level 1, 0/13 HPs)
             Began as an Octopode Transmuter on July 9, 2022.
             Slain by a kobold
             ... wielding a +0 short sword
              (2 damage)
             ... on level 1 of the Dungeon.
             The game lasted 00:00:10 (283 turns).

buhh the Insei (Octopode Transmuter)                 Turns: 283, Time: 00:00:11

Health: 0/13       AC:  1    Str:  9    XL:     1   Next: 60%
Magic:  2/3        EV: 13    Int: 15    God:
Gold:   0          SH:  0    Dex: 12    Spells: 3/4 levels left

rFire   . . .      SeeInvis .     - Unarmed
rCold   . . .      Faith    .   (no shield)
rNeg    . . .      Spirit   .   (helmet currently unavailable)
rPois   .          Reflect  .   (no amulet)
rElec   .          Harm     .   (no ring)
rCorr   .          Rampage  .   (no ring)
Will    .....                   (no ring)
Stlth   ++........              (no ring)
HPRegen 0.04/turn               (no ring)
MPRegen 0.08/turn               (no ring)
                                (no ring)
                                (no ring)

@: appendages
A: tentacle spike 3, almost no armour, amphibious, 8 rings, camouflage 1,
gelatinous body 1, (nimble swimmer 1), tentacles
a: End Transformation


You were on level 1 of the Dungeon.
One of your tentacles had grown a beastly spike.
You visited 1 branch of the dungeon, and saw 1 of its levels.

Inventory:

Scrolls
 c - a scroll of identify {unknown}
Potions
 a - a potion of lignification {!d}
 b - a potion of resistance {unknown}


   Skills:
 + Level 1.1 Fighting
 + Level 2.0 Dodging
 * Level 0.5 Stealth
 + Level 3.0 Unarmed Combat
 - Level 2.0 Spellcasting
 - Level 2.0 Transmutations
 * Level 0.4 Poison Magic


You had 3 spell levels left.
You knew the following spells:

 Your Spells              Type           Power      Damage    Failure   Level
a - Beastly Appendage     Tmut           14%        N/A       10%         1

Your spell library contained the following spells:

 Spells                   Type           Power      Damage    Failure   Level
 Wereblood                Tmut           7%         N/A       14%         2
 Spider Form              Tmut/Pois      5%         N/A       38%         3
 Ice Form                 Ice/Tmut       4%         N/A       82%         4


Dungeon Overview and Level Annotations

Branches:
Dungeon (1/15) Zot: 5717

Altars:


Innate Abilities, Weirdness & Mutations

One of your tentacles has grown a beastly spike.
You cannot wear most types of armour.
You are amphibious.
You can wear up to eight rings at the same time.
Your skin changes colour to match your surroundings (Stealth+).
Your rubbery body absorbs attacks. (AC +1, EV +1)
((You are camouflaged when in or above water. (Stealth+)))
You have tentacles for arms and can constrict up to eight enemies at once.


Message History

The hobgoblin shouts!
A hobgoblin is nearby!
A hobgoblin is nearby!
A hobgoblin is nearby!
One of your tentacles grows a vicious spike.
The hobgoblin completely misses you.
You barely miss the hobgoblin. You grab the hobgoblin.
You constrict the hobgoblin.
The hobgoblin hits you but does no damage.
You tentacle-slap the hobgoblin.
You pierce the hobgoblin.
You kill the hobgoblin!
Your transformation is almost over.
You see here a hobgoblin corpse.
Your tentacle spike disappears.
A kobold comes into view. It is wielding a +0 short sword.
A kobold is nearby!
A kobold is nearby!
A kobold is nearby!
One of your tentacles grows a vicious spike.
The kobold shouts!
The kobold hits you with a +0 short sword.
An endoplasm comes into view.
You tentacle-slap the kobold but do no damage.
Your grab misses the kobold. The kobold hits you but does no damage.
You tentacle-slap the kobold but do no damage.
Your grab misses the kobold.
The kobold hits you with a +0 short sword.
You completely miss the kobold. Your grab misses the kobold.
Your tentacle spike misses the kobold.
The kobold hits you with a +0 short sword.
You are too injured to fight recklessly!
You are too injured to fight recklessly!
You are too injured to fight recklessly!
You tentacle-slap the kobold but do no damage.
Your grab misses the kobold. The kobold misses you.
The endoplasm attacks as you move away! The endoplasm hits you.
* * * LOW HITPOINT WARNING * * *
The kobold attacks as you move away!
The kobold hits you with a +0 short sword.
You die...

#... #..# ##..#
# .... # #..# #
#..####.# #
#.KJ....# # #@#
#.#
#.############
##
#........†...#
#.#
##..#########.#
#.###...## #.#
####.#.....#
#.#
##..##.#...##
#.#
##.#.......#.#
#.#


You could see an endoplasm and a kobold.

Vanquished Creatures
  A giant cockroach (D:1)
  A hobgoblin (D:1)
  A bat (D:1)
  A frilled lizard (D:1)
4 creatures vanquished.

Notes
Turn   | Place    | Note
-------+----------+-------------------------------------------
     0 | D:1      | buhh the Octopode Transmuter began the quest for the Orb.
     0 | D:1      | Reached XP level 1. HP: 13/13 MP: 3/3
   283 | D:1      | Slain by a kobold

Illustrated notes

Levels and vault maps discovered:
D:1:      roderic_lyre, layout_loops_corners, serial_aquarium,
          aquarium_bridge_straight [aquarium_subvault_bridge,
          aquarium_subvault_window, aquarium_subvault_bridge,
          aquarium_subvault_wall], aquarium_window_corner, aquarium_window_fake,
          aquarium_view_2c

Action                   || total
-------------------------++-------
Melee: Unarmed           ||    13
       Constrict         ||     3
       Kick              ||     2
       Tentacles         ||     1
 Cast: Beastly Appendage ||     5
 Stab: Sleeping          ||     2
Armor: Skin              ||     3
Dodge: Dodged            ||     4

Table legend: (Time is in decaauts)
 A = Elapsed time spent in this place.
 B = Non-inter-level travel time spent in this place.
 C = Inter-level travel time spent in this place.
 D = Time resting spent in this place.
 E = Time spent auto-exploring this place.
 F = Levels seen in this place.
 G = Mean time per level.
                   A        B        C        D        E       F      G
               +--------+--------+--------+--------+--------+-----+--------+
         Total |    282 |    282 |      0 |      0 |    239 |   1 |  282.0 |
       Dungeon |    282 |    282 |      0 |      0 |    239 |   1 |  282.0 |
               +--------+--------+--------+--------+--------+-----+--------+

Top non-repeatable levels by time:
     D:1: 282 daAuts
